[Event "Titled Tuesday Blitz August 22 Late 2023"]
[White "Vasquez Schroeder, Rodrigo"]
[Black "Bauman_Guy"]
[WhiteFideId "3400042"]
[WhiteElo "2970"]
[BlackElo "2811"]
[Result "1-0"]
[Round "4"]
[TimeControl "180+1"]
[Date "2023.08.22"]
[WhiteClock "0:00:45"]
[BlackClock "0:00:07"]
[Board "13"]

1. e4 c5 2. Nf3 d6 3. d4 Nf6 4. Nc3 cxd4 5. Nxd4 a6 6. Bg5 Nbd7 7. Bc4 Qb6 8. Bb3 e6 9. Bxf6 Nxf6 10. Qd2 Be7 11. O-O-O Qc7 12. f4 b5 13. a3 O-O 14. g4 Bb7 15. Rhe1 Nd7 16. g5 Nc5 17. Kb1 Rab8 18. f5 Nxb3 19. cxb3 Qd7 20. Rf1 Bd8 21. f6 Ba5 22. fxg7 Rfc8 23. b4 Bb6 24. Qf4 Bxd4 25. Rxd4 Rc6 26. e5 dxe5 27. Qxe5 Qc7 28. Qf6 e5 29. Qf5 Rxc3 30. Rd7 Be4+ 31. Qxe4 Qxd7 32. bxc3 Qe6 33. Kb2 Rd8 34. Rf2 Kxg7 35. h4 Qd5 36. Qf5 Rd6 37. h5 e4 38. h6+ Kg8 39. Qf4 Rd8 40. Re2 Qc4 41. Qxe4 Qxe4 42. Rxe4 Kf8 43. Re5 Rd6 44. Kb3 f6 45. Rf5 Ke7 46. Rxf6 Rxf6 47. gxf6+ Kxf6 48. a4 Kg6 49. axb5 axb5 50. c4 bxc4+ 51. Kxc4 Kxh6 52. b5 Kg5 53. b6 Kf6 54. b7 1-0


[Site "https://www.chess.com"]

[Event "Titled Tuesday Blitz August 22 Late 2023"]
[White "Diaz Camallonga, Carles"]
[Black "Ahmadzada, Ahmad"]
[WhiteFideId "22235256"]
[BlackFideId "13413007"]
[WhiteElo "2808"]
[BlackElo "2962"]
[Result "0-1"]
[Round "4"]
[TimeControl "180+1"]
[Date "2023.08.22"]
[WhiteClock "0:00:23"]
[BlackClock "0:00:08"]
[Board "14"]

1. e4 c5 2. Nf3 e6 3. d4 cxd4 4. Nxd4 a6 5. c4 Nf6 6. Nc3 Qc7 7. a3 b6 8. Be3 Bb7 9. f3 Be7 10. Be2 O-O 11. Rc1 d6 12. O-O Nbd7 13. b4 Rac8 14. Qd2 Qb8 15. Rfd1 Rfe8 16. Kh1 h5 17. Bf2 Bd8 18. Nb3 Bc7 19. Bg3 Ne5 20. Bxe5 dxe5 21. c5 b5 22. a4 Bc6 23. axb5 axb5 24. Qe1 Red8 25. Qf1 Rd4 26. Nxd4 exd4 27. Rxd4 Be5 28. Rdd1 Bxh2 29. Bxb5 Qf4 30. g3 Bxg3 31. Qg2 Qh4+ 32. Kg1 Bf4 33. Bxc6 Be3+ 34. Kf1 Bxc1 35. Rxc1 Rxc6 36. Ne2 Nd7 37. Qg3 Qf6 38. Kf2 Ne5 39. Kg2 h4 40. Qf4 Qg6+ 41. Kh2 Nd3 42. Qb8+ Kh7 43. Rg1 Qf6 44. Rg4 Ne5 45. Rf4 Qg5 46. Qa8 Rc7 47. Qa4 Rd7 48. Qc2 Rd2 49. Qxd2 Nxf3+ 50. Rxf3 Qxd2 51. Rf2 Qxb4 52. c6 Qc5 53. Nf4 Qxf2+ 0-1


[Site "https://www.chess.com"]

[Event "Titled Tuesday Blitz August 22 Late 2023"]
[White "Keymer, Vincent"]
[Black "ProphetReborn"]
[WhiteFideId "12940690"]
[WhiteElo "2958"]
[BlackElo "2806"]
[Result "1-0"]
[Round "4"]
[TimeControl "180+1"]
[Date "2023.08.22"]
[WhiteClock "0:00:03"]
[BlackClock "0:00:13"]
[Board "15"]

1. a3 Nf6 2. Nf3 d5 3. e3 c5 4. b4 Nc6 5. bxc5 Qa5 6. Bb2 Qxc5 7. Be2 Bf5 8. Nc3 e6 9. Nb5 Rc8 10. O-O Bxc2 11. Qe1 a6 12. Nbd4 Qb6 13. Nxc2 Qxb2 14. Ncd4 Nxd4 15. Nxd4 Qb6 16. Qb1 Bc5 17. Nf3 Qxb1 18. Rfxb1 Rc7 19. Bxa6 Ke7 20. Rxb7 Rxb7 21. Bxb7 Rb8 22. Bc6 Bxa3 23. g4 Bc5 24. g5 Ne4 25. d3 Nd6 26. d4 Bb6 27. Ne5 Rc8 28. Ra6 Bd8 29. Ba4 Ne4 30. h4 Rc1+ 31. Kg2 Bc7 32. Ra7 f6 33. Nd3 Rc3 34. Nc5 Kd6 35. Ra6+ Ke7 36. Rxe6+ Kf7 37. Nxe4 dxe4 38. Rxe4 fxg5 39. hxg5 Kg6 40. Re7 Bd8 41. Be8+ Kxg5 42. Rxg7+ Kh6 43. Rd7 Bh4 44. Rf7 Rc8 45. Bd7 Rd8 46. Bf5 Kg5 47. f4+ Kh5 48. Rxh7# 1-0


[Site "https://www.chess.com"]

[Event "Titled Tuesday Blitz August 22 Late 2023"]
[White "Gorovets, Andrey"]
[Black "Zhigalko, Sergei"]
[WhiteFideId "13504037"]
[BlackFideId "13502956"]
[WhiteElo "2802"]
[BlackElo "2955"]
[Result "0-1"]
[Round "4"]
[TimeControl "180+1"]
[Date "2023.08.22"]
[WhiteClock "0:00:00"]
[BlackClock "0:00:11"]
[Board "16"]

1. d4 Nf6 2. c4 e6 3. g3 c5 4. Nf3 cxd4 5. Nxd4 Qc7 6. b3 Bb4+ 7. Bd2 Bc5 8. Bc3 Ne4 9. Bg2 Nxc3 10. Nxc3 Nc6 11. Ndb5 Qb8 12. Ne4 Bb4+ 13. Kf1 O-O 14. a3 Be7 15. Bf3 a6 16. Nbd6 f5 17. Nxc8 Qxc8 18. Nd6 Qc7 19. c5 Ne5 20. b4 Nxf3 21. exf3 Bxd6 22. cxd6 Qb6 23. Kg2 Rac8 24. Rc1 Rc6 25. Rxc6 Qxc6 26. Qd4 Rc8 27. Rd1 h6 28. h4 Qa4 29. Rd3 Qc2 30. h5 Kf7 31. Re3 Qb1 32. Qd3 Qa1 33. f4 Rc1 34. Re1 Rxe1 0-1


[Site "https://www.chess.com"]

[Event "Titled Tuesday Blitz August 22 Late 2023"]
[White "Papasimakopoulos, Alexandros"]
[Black "Chigaev, Maksim"]
[WhiteFideId "4244125"]
[BlackFideId "4108116"]
[WhiteElo "2707"]
[BlackElo "2954"]
[Result "0-1"]
[Round "4"]
[TimeControl "180+1"]
[Date "2023.08.22"]
[WhiteClock "0:00:21"]
[BlackClock "0:00:03"]
[Board "17"]

1. d4 Nf6 2. c4 g6 3. Nc3 Bg7 4. e4 d6 5. f3 O-O 6. Nge2 a6 7. Be3 b5 8. Nc1 b4 9. Nd5 a5 10. Be2 Nfd7 11. Nf4 e5 12. dxe5 Nxe5 13. O-O Nbc6 14. Rb1 a4 15. Qd2 Nd7 16. Nd5 Rb8 17. Kh1 Nc5 18. Nd3 b3 19. Nxc5 bxa2 20. Nxa4 axb1=Q 21. Rxb1 Be6 22. b4 Bxd5 23. cxd5 Ne5 24. Nc3 Qd7 25. h3 f5 26. f4 Nf7 27. exf5 gxf5 28. Bd4 Bxd4 29. Qxd4 Nh8 30. Bd3 Ng6 31. Re1 Qg7 32. Qc4 Nh4 33. Bf1 Rbe8 34. Re6 Ra8 35. Kh2 Ra3 36. Re3 Ng6 37. Rg3 Kh8 38. Be2 Re8 39. Bh5 Re1 40. Qb5 Ra8 41. Qb7 Rf8 42. Nb5 Qa1 43. Rc3 Rh1+ 44. Kg3 Qe1+ 45. Kf3 Rf1# 0-1


[Site "https://www.chess.com"]

[Event "Titled Tuesday Blitz August 22 Late 2023"]
[White "Drygalov, Sergey"]
[Black "Skvortsov, Andrei"]
[WhiteFideId "24171743"]
[BlackFideId "24108600"]
[WhiteElo "2947"]
[BlackElo "2676"]
[Result "1-0"]
[Round "4"]
[TimeControl "180+1"]
[Date "2023.08.22"]
[WhiteClock "0:00:22"]
[BlackClock "0:00:02"]
[Board "18"]

1. d4 g6 2. c4 Bg7 3. Nf3 e6 4. Nc3 Ne7 5. h4 h6 6. e4 d6 7. Be3 Nd7 8. Qd2 a6 9. Be2 b6 10. O-O-O Bb7 11. d5 Ne5 12. Nxe5 Bxe5 13. f4 Bg7 14. h5 exd5 15. cxd5 b5 16. Bd4 Bxd4 17. Qxd4 Rg8 18. hxg6 Nxg6 19. g3 Nf8 20. a4 Rxg3 21. Rxh6 Rg6 22. Rxg6 Nxg6 23. Bh5 Qh4 24. Bxg6 Qxf4+ 25. Kb1 fxg6 26. Qh8+ Qf8 27. Qh3 b4 28. Ne2 Bc8 29. Qg2 Qg7 30. Nd4 Bd7 31. Rc1 Qxd4 32. Qxg6+ Ke7 33. Qh7+ Kd8 34. b3 Kc8 35. Rc2 Qd1+ 36. Kb2 Qd4+ 37. Ka2 Qe5 38. Rg2 Kb7 39. Qxd7 Qxe4 40. Qc6+ 1-0


[Site "https://www.chess.com"]

[Event "Titled Tuesday Blitz August 22 Late 2023"]
[White "Kovalev, Vladislav"]
[Black "Arias, Juan Cruz"]
[WhiteFideId "13504398"]
[BlackFideId "118540"]
[WhiteElo "2942"]
[BlackElo "2670"]
[Result "1-0"]
[Round "4"]
[TimeControl "180+1"]
[Date "2023.08.22"]
[WhiteClock "0:00:50"]
[BlackClock "0:00:21"]
[Board "19"]

1. e4 c6 2. Nf3 d5 3. d3 dxe4 4. dxe4 Qxd1+ 5. Kxd1 Nf6 6. Nbd2 g6 7. Ne5 Bh6 8. Bc4 e6 9. f3 Nbd7 10. Nd3 O-O 11. a4 Rd8 12. a5 Ne8 13. Bb3 Nc7 14. Nc4 Bxc1 15. Kxc1 b6 16. Rd1 b5 17. Nce5 Nxe5 18. Nxe5 Rxd1+ 19. Kxd1 Bb7 20. Ke2 Rd8 21. a6 Ba8 22. Nd3 Kf8 23. Nc5 Ke7 24. c3 Rb8 25. Rd1 Rd8 26. Rxd8 Kxd8 27. Ke3 Ke7 28. e5 Nd5+ 29. Bxd5 cxd5 30. Kd4 Bc6 31. Nb7 Kd7 32. Nd6 f6 33. f4 fxe5+ 34. fxe5 b4 35. cxb4 Ba4 36. b5 Kc7 37. Kc5 Bc2 38. g3 Bd3 39. h4 h6 40. Nf7 h5 41. Ng5 Bf5 42. Nf3 Bh3 43. Nd4 Bg4 44. Nc6 1-0


[Site "https://www.chess.com"]

[Event "Titled Tuesday Blitz August 22 Late 2023"]
[White "Kozusek, Daniel"]
[Black "Henriquez Villagra, Cristobal"]
[WhiteFideId "349500"]
[BlackFideId "3409350"]
[WhiteElo "2596"]
[BlackElo "2937"]
[Result "0-1"]
[Round "4"]
[TimeControl "180+1"]
[Date "2023.08.22"]
[WhiteClock "0:00:14"]
[BlackClock "0:00:27"]
[Board "20"]

1. d4 d6 2. Nf3 g6 3. c4 Bg7 4. g3 f5 5. Bg2 Nf6 6. O-O O-O 7. Nc3 c6 8. b3 Qc7 9. Bb2 e5 10. e3 e4 11. Nd2 a5 12. Rc1 Be6 13. f3 exf3 14. Nxf3 Kh8 15. Qd3 Nbd7 16. Ng5 Bg8 17. e4 fxe4 18. Ncxe4 Nxe4 19. Qxe4 Rae8 20. Rxf8 Rxf8 21. Ne6 Bxe6 22. Qxe6 Nf6 23. d5 Re8 24. Qh3 cxd5 25. Bxf6 Bxf6 26. Bxd5 Qc5+ 27. Kh1 Qf2 28. Qf1 Re2 29. Qxf2 Rxf2 30. Bxb7 Rxa2 31. Bd5 Bd4 32. Rd1 Bc5 33. Rd3 Kg7 34. Rf3 g5 35. g4 Rb2 36. Rd3 h6 37. Rf3 Bd4 38. Be4 Be5 39. Kg1 Bxh2+ 40. Kf1 Bf4 41. Bd5 Kf6 42. Rh3 Ke5 43. Rxh6 Rxb3 44. Re6+ Kd4 45. Re4+ Kc5 46. Re8 a4 47. Ra8 a3 48. Ke2 Kd4 49. Ra4 Rc3 50. Bg8 Kc5 51. Bd5 Rb3 52. Be6 Re3+ 53. Kf2 Rxe6 54. Kf3 Re3+ 0-1


[Site "https://www.chess.com"]

[Event "Titled Tuesday Blitz August 22 Late 2023"]
[White "Kramnik, Vladimir"]
[Black "Sanhueza, Cristian"]
[WhiteFideId "4101588"]
[BlackFideId "116815"]
[WhiteElo "2935"]
[BlackElo "2488"]
[Result "1-0"]
[Round "4"]
[TimeControl "180+1"]
[Date "2023.08.22"]
[WhiteClock "0:00:39"]
[BlackClock "0:00:00"]
[Board "21"]

1. e4 e5 2. Nf3 Nc6 3. Bb5 a6 4. Ba4 Nf6 5. d3 b5 6. Bb3 Bc5 7. Nc3 d6 8. Nd5 Ne7 9. d4 exd4 10. Nxf6+ gxf6 11. Nxd4 Bd7 12. c3 Ng6 13. O-O O-O 14. Bd5 Rb8 15. Qh5 Bxd4 16. cxd4 c6 17. Bb3 Qe7 18. Bc2 Rfe8 19. f4 c5 20. d5 Kh8 21. b3 c4 22. b4 Rbc8 23. Be3 Rg8 24. Bd4 Rg7 25. Bc3 Rcg8 26. g3 Nf8 27. Qh4 Rg6 28. Rae1 Bg4 29. e5 Nd7 30. exf6 Qf8 31. Bxg6 Rxg6 32. Re7 Bf5 33. Rfe1 1-0


[Site "https://www.chess.com"]

[Event "Titled Tuesday Blitz August 22 Late 2023"]
[White "Nihal Sarin"]
[Black "Ballester Llagaria, Luis Eduardo"]
[WhiteFideId "25092340"]
[BlackFideId "2297620"]
[WhiteElo "3150"]
[BlackElo "2555"]
[Result "1-0"]
[Round "4"]
[TimeControl "180+1"]
[Date "2023.08.22"]
[WhiteClock "0:01:24"]
[BlackClock "0:00:30"]
[Board "22"]

1. d4 d5 2. c4 dxc4 3. Nf3 Nf6 4. e3 e6 5. Bxc4 a6 6. O-O b5 7. Be2 Bb7 8. a4 b4 9. a5 Nbd7 10. Nbd2 c5 11. Nc4 Be7 12. Bd2 O-O 13. dxc5 Bxc5 14. Qa4 Qe7 15. Rfd1 Rac8 16. Nce5 Rfd8 17. Rac1 Nxe5 18. Nxe5 Ne4 19. Be1 Bxe3 20. Rxc8 Rxc8 21. fxe3 Qg5 22. Qd7 Qxe3+ 23. Kf1 Nf6 24. Qxc8+ Bxc8 25. Rd8+ Ne8 26. Rxe8# 1-0


[Site "https://www.chess.com"]

[Event "Titled Tuesday Blitz August 22 Late 2023"]
[White "Vachier-Lagrave, Maxime"]
[Black "Suyarov, Mukhammadzokhid"]
[WhiteFideId "623539"]
[BlackFideId "14210495"]
[WhiteElo "3124"]
[BlackElo "2736"]
[Result "1/2-1/2"]
[Round "4"]
[TimeControl "180+1"]
[Date "2023.08.22"]
[WhiteClock "0:00:13"]
[BlackClock "0:00:11"]
[Board "23"]

1. c4 e5 2. Nc3 Nc6 3. g3 Nf6 4. Bg2 g6 5. Nf3 Bg7 6. d3 O-O 7. O-O d6 8. b3 h6 9. Rb1 a5 10. Ba3 Bd7 11. Nd2 Qc8 12. c5 dxc5 13. Bxc5 Re8 14. Nc4 Bh3 15. Bxc6 bxc6 16. Re1 Nd5 17. Qd2 Qg4 18. f3 Qe6 19. e4 Nf6 20. Na4 Nh5 21. Qf2 Rad8 22. Rbd1 f5 23. Nxa5 fxe4 24. dxe4 Ra8 25. Bb4 Bf8 26. Bxf8 Rxf8 27. Nc5 Qf6 28. Nc4 Qxf3 29. Qxf3 Rxf3 30. Nxe5 Rc3 31. Rc1 Rxc1 32. Rxc1 Rxa2 33. Nxg6 Nf6 34. Nf4 Bg4 35. Rf1 Nh7 36. h3 Bc8 37. Nfe6 Bxe6 38. Nxe6 Re2 39. Rf4 Re3 40. Kf2 Rxb3 41. h4 c5 42. Nxc5 Rb2+ 43. Ke3 Nf8 44. e5 Rb5 45. Rc4 Ng6 46. Ke4 Ne7 47. Nd3 c6 48. g4 Kf7 49. Ra4 Rb1 50. Ra7 Rg1 51. Nf2 Re1+ 52. Kd4 Ke6 53. Nd3 Rg1 54. Nc5+ Kf7 55. g5 hxg5 56. hxg5 Rg4+ 57. Ne4 Ke6 58. Kd3 Nf5 59. Ra8 Kxe5 60. Re8+ Kf4 61. Rf8 Rg1 62. Nd6 Rd1+ 63. Kc4 Rxd6 64. Kc5 Rg6 65. Rf6 Rxg5 66. Kxc6 Ke5 67. Rf8 Nd4+ 68. Kd7 Rg7+ 69. Kc8 Ne6 70. Rf1 Kd5 71. Rd1+ Kc6 72. Rc1+ Nc5 73. Kd8 Ra7 74. Ke8 Ra3 75. Kf7 Kd6 76. Kf6 Rf3+ 77. Kg5 Ne4+ 78. Kg4 Rf8 79. Ra1 Nf6+ 80. Kf5 Nd7+ 81. Ke4 Nc5+ 82. Ke3 Rh8 83. Kf4 Ne6+ 84. Kf5 Rf8+ 85. Ke4 Nc5+ 86. Ke3 Rb8 87. Kf4 Rb4+ 88. Kf5 Rb5 89. Rd1+ Kc6 90. Ke5 Rb2 91. Kf5 Re2 92. Kf4 Re8 93. Kf5 Nb7 94. Rc1+ Kd7 95. Rd1+ Nd6+ 96. Kf4 Re4+ 97. Kf3 Ra4 98. Rd3 Ke6 99. Ke2 Nf5 100. Rh3 Ke5 101. Rh8 Ra2+ 102. Kf3 Ra3+ 103. Kf2 Kf4 104. Rf8 Ra2+ 105. Kf1 Ra5 106. Ke2 Rd5 107. Rf7 Ke4 108. Rf8 Nd4+ 109. Kf2 Ra5 110. Re8+ Kd3 111. Rd8 Rf5+ 112. Kg3 Rf6 113. Kg4 Ke4 114. Re8+ Ne6 115. Rg8 Ke5 116. Re8 1/2-1/2


[Site "https://www.chess.com"]

[Event "Titled Tuesday Blitz August 22 Late 2023"]
[White "Dubov, Daniil"]
[Black "Komov, Roman"]
[WhiteFideId "24126055"]
[BlackFideId "24175714"]
[WhiteElo "3041"]
[BlackElo "2711"]
[Result "1-0"]
[Round "4"]
[TimeControl "180+1"]
[Date "2023.08.22"]
[WhiteClock "0:00:05"]
[BlackClock "0:00:03"]
[Board "24"]

1. e4 c5 2. Nf3 d6 3. Nc3 Nf6 4. e5 dxe5 5. Nxe5 e6 6. Bb5+ Nbd7 7. d4 a6 8. Bxd7+ Bxd7 9. Bg5 Qc7 10. O-O Be7 11. Re1 Rd8 12. Qf3 O-O 13. d5 Bc8 14. Bf4 Bd6 15. Rad1 exd5 16. Nxd5 Nxd5 17. Rxd5 Be6 18. Rd3 c4 19. Rdd1 Bxe5 20. Bxe5 Rxd1 21. Qxd1 Qd8 22. Qf3 Qd2 23. Bc3 Qxc2 24. h4 b5 25. Re5 Rd8 26. Kh2 Qd1 27. Qg3 Qg4 28. Qxg4 Bxg4 29. Rg5 Be6 30. Rxg7+ Kf8 31. Bf6 Rd5 32. Rxh7 Ke8 33. Rh8+ Kd7 34. Rd8+ Kc6 35. Rxd5 Kxd5 36. f3 Bf5 37. g4 Bb1 38. a3 Ke6 39. Bc3 f6 40. Kg3 Kf7 41. h5 Ke6 42. f4 Bd3 43. Kh4 Kf7 44. Bd4 a5 45. Bc3 a4 46. Bd4 Kg7 47. g5 Kf7 48. Bxf6 Bf5 49. Bc3 Ke6 50. g6 b4 51. Bxb4 1-0


[Site "https://www.chess.com"]

[Event "Titled Tuesday Blitz August 22 Late 2023"]
[White "Grischuk, Alexander"]
[Black "GaiozNigalidze"]
[WhiteFideId "4126025"]
[WhiteElo "3010"]
[BlackElo "2697"]
[Result "1/2-1/2"]
[Round "4"]
[TimeControl "180+1"]
[Date "2023.08.22"]
[WhiteClock "0:00:04"]
[BlackClock "0:00:08"]
[Board "25"]

1. d4 Nf6 2. Nf3 d5 3. Bg5 e6 4. Nbd2 Be7 5. e3 b6 6. c3 Bb7 7. Bd3 Ne4 8. Bf4 Nxd2 9. Qxd2 Nd7 10. O-O g5 11. Bg3 h5 12. h3 g4 13. Ne5 Nxe5 14. Bxe5 Bf6 15. f4 Rg8 16. hxg4 hxg4 17. Kf2 Bxe5 18. fxe5 f5 19. exf6 Qxf6+ 20. Ke1 Qh4+ 21. Qf2 Qxf2+ 22. Kxf2 g3+ 23. Ke2 Ke7 24. Rf4 Raf8 25. Raf1 Rxf4 26. Rxf4 e5 27. dxe5 Ke6 28. Bf5+ Kxe5 29. Bg4 Kd6 30. Bf3 a5 31. Rf6+ Ke7 32. Rh6 Kd7 33. Kd2 Ke7 34. c4 Rg5 35. Rh3 Kd6 36. Rh6+ Kc5 37. b3 c6 38. cxd5 cxd5 39. Rh7 Bc6 40. Rc7 Kd6 41. Rc8 Kd7 42. Rf8 Kd6 43. Rf4 Kc7 44. Kc3 Rg7 45. Kd4 Rh7 46. Rg4 Rh1 47. Rxg3 Ra1 48. Ke5 Rxa2 49. Rg7+ Kb8 50. Kd6 Bb7 51. Bxd5 Rd2 52. e4 b5 53. Kc5 Bxd5 54. exd5 a4 55. bxa4 bxa4 56. Rg4 a3 57. Rb4+ Kc7 58. Ra4 a2 59. Ra7+ Kb8 60. Ra3 Rxg2 61. Kd6 Kb7 62. Kd7 Kb6 63. d6 Kb5 64. Kc7 Kb4 65. Rxa2 Rxa2 66. d7 Rc2+ 67. Kd6 Rd2+ 68. Ke7 Rxd7+ 69. Kxd7 1/2-1/2


[Site "https://www.chess.com"]

[Event "Titled Tuesday Blitz August 22 Late 2023"]
[White "Pert, Richard G"]
[Black "Nguyen, Ngoc Truong Son"]
[WhiteFideId "404748"]
[BlackFideId "12401110"]
[WhiteElo "2687"]
[BlackElo "3003"]
[Result "0-1"]
[Round "4"]
[TimeControl "180+1"]
[Date "2023.08.22"]
[WhiteClock "0:00:00"]
[BlackClock "0:00:19"]
[Board "26"]

1. d4 g6 2. e4 Bg7 3. Nc3 d6 4. Be3 a6 5. Nf3 b5 6. Bd3 Bb7 7. e5 Nd7 8. e6 fxe6 9. Ng5 Nf8 10. O-O Nf6 11. a4 b4 12. Na2 a5 13. c3 h6 14. Nf3 g5 15. cxb4 g4 16. Nh4 h5 17. bxa5 Rxa5 18. Nc3 Bh6 19. b4 Ra8 20. Ng6 Nxg6 21. Bxg6+ Kd7 22. Rc1 h4 23. Qc2 g3 24. Ne4 gxh2+ 25. Kh1 h3 26. Nxf6+ exf6 27. Be4 hxg2+ 28. Bxg2 Bxg2+ 29. Kxg2 Qb8 30. Qc6+ Kd8 31. Kh1 Ra7 32. d5 Bxe3 33. dxe6 Qb7 34. fxe3 Qxc6+ 35. Rxc6 Rxa4 36. b5 Rb4 37. Ra6 Ke7 38. Ra7 Rc8 39. Rc1 Rxb5 40. Rcxc7+ Rxc7 41. Rxc7+ Kxe6 42. Kxh2 Rb3 43. Rc8 Kd7 44. Rf8 Ke7 45. Ra8 Rxe3 46. Kg2 d5 47. Kf2 Re4 48. Ra6 f5 49. Kf3 Re6 50. Ra5 Kd6 51. Ra6+ Ke5 52. Ra5 Kd4 53. Ra4+ Kc5 54. Ra5+ Kc4 55. Ra4+ Kb3 56. Rd4 Rd6 57. Ke3 Kc3 58. Rd3+ Kc4 59. Rd4+ Kc5 60. Rd1 Re6+ 61. Kd3 f4 62. Rf1 Re3+ 63. Kd2 Re4 64. Kd3 Rd4+ 65. Kc3 Ra4 66. Kd3 Ra3+ 67. Kd2 f3 68. Kc2 Kc4 69. Kd2 Ra2+ 70. Ke3 f2 0-1


[Site "https://www.chess.com"]

[Event "Titled Tuesday Blitz August 22 Late 2023"]
[White "Dourerassou, Jonathan"]
[Black "Svane, Rasmus"]
[WhiteFideId "628050"]
[BlackFideId "4657101"]
[WhiteElo "2685"]
[BlackElo "2987"]
[Result "0-1"]
[Round "4"]
[TimeControl "180+1"]
[Date "2023.08.22"]
[WhiteClock "0:00:03"]
[BlackClock "0:00:30"]
[Board "27"]

1. d4 d5 2. Nf3 e6 3. Bf4 Bd6 4. Bg3 Nf6 5. e3 O-O 6. Bd3 c5 7. c3 Qc7 8. Nbd2 Nbd7 9. O-O Bxg3 10. hxg3 b6 11. Re1 Bb7 12. Rc1 Rad8 13. Qe2 e5 14. dxe5 Nxe5 15. Nxe5 Qxe5 16. Nf3 Qe7 17. Nh4 g6 18. Rcd1 Rd6 19. Qf3 Rfd8 20. Qf4 Nh5 21. Qh6 Ng7 22. Nf3 Qf6 23. Ng5 Ne6 24. Qxh7+ Kf8 25. Qh6+ Ke7 26. Nxe6 Rxe6 27. Qf4 g5 28. Qc7+ Rd7 29. Qb8 Qe5 30. Qxa7 Rh6 31. Bb5 Bc6 32. Qxb6 Bxb5 33. Qxc5+ Ke6 34. Qxb5 Qh8 35. Kf1 Rh1+ 36. Ke2 Qh5+ 37. f3 Rh2 38. Kf2 g4 39. Qc6+ Ke7 40. Qc5+ Ke6 41. e4 gxf3 42. exd5+ Kf6 43. Qd4+ Kg6 44. Qe4+ Kg7 45. Qxf3 Qg6 46. Rd4 Rh5 47. Rg4 Rg5 48. Rxg5 Qxg5 49. c4 Rd6 50. Re4 Qd2+ 51. Re2 Qd4+ 52. Qe3 Rf6+ 53. Kg1 Qxc4 54. Qg5+ Rg6 55. Qe5+ Kg8 56. d6 Qc1+ 57. Kf2 Qd1 58. Qe8+ Kg7 59. d7 Rf6+ 60. Ke3 Qg1+ 61. Kd3 Rd6+ 62. Kc3 Qc5+ 63. Kb3 Rb6+ 64. Ka4 Qb4# 0-1


[Site "https://www.chess.com"]

[Event "Titled Tuesday Blitz August 22 Late 2023"]
[White "Paravyan, David"]
[Black "Zhu, Jiner"]
[WhiteFideId "4194985"]
[BlackFideId "8608059"]
[WhiteElo "2973"]
[BlackElo "2659"]
[Result "0-1"]
[Round "4"]
[TimeControl "180+1"]
[Date "2023.08.22"]
[WhiteClock "0:00:02"]
[BlackClock "0:00:04"]
[Board "28"]

1. e4 c5 2. Nf3 Nc6 3. Bb5 g6 4. Bxc6 bxc6 5. O-O Bg7 6. Re1 Nf6 7. e5 Nd5 8. c4 Nc7 9. Nc3 O-O 10. d4 cxd4 11. Qxd4 Ne6 12. Qh4 f6 13. Bh6 g5 14. Nxg5 fxg5 15. Bxg5 Nxg5 16. Qxg5 d5 17. exd6 Qxd6 18. Rxe7 Qf6 19. Qe3 Bf5 20. Re1 a5 21. Ne2 Rad8 22. Ng3 Bg6 23. b3 Rd3 24. Qe2 Qd4 25. Ne4 Bxe4 26. Rxe4 Qd8 27. Qg4 Rd2 28. f3 Rxa2 29. h4 Kh8 30. h5 h6 31. Kh2 Rg8 32. Qe6 Qg5 33. Rg4 Qxh5+ 34. Kg1 Bd4+ 35. Re3 Bxe3+ 36. Qxe3 Rxg4 37. fxg4 Ra1+ 38. Kf2 Qf7+ 39. Kg3 Rf1 40. Qxh6+ Kg8 41. Qg5+ Kf8 42. Qd8+ Kg7 43. Qg5+ Qg6 44. Qe5+ Qf6 45. Qc7+ Kg6 46. Qb8 Qc3+ 47. Kh2 Qf6 48. Qg8+ Kh6 49. g5+ Qxg5 50. Qh8+ Kg6 51. Qg8+ Kh5 52. Qh7+ Qh6 53. Qg8 Qf4+ 54. g3 Qf2+ 55. Kh3 Rh1# 0-1


[Site "https://www.chess.com"]

[Event "Titled Tuesday Blitz August 22 Late 2023"]
[White "Mikaelyan, Arman"]
[Black "Skatchkov, Valery"]
[WhiteFideId "13304852"]
[BlackFideId "24195812"]
[WhiteElo "2918"]
[BlackElo "2647"]
[Result "0-1"]
[Round "4"]
[TimeControl "180+1"]
[Date "2023.08.22"]
[WhiteClock "0:00:00"]
[BlackClock "0:00:04"]
[Board "29"]

1. b4 Nf6 2. Bb2 e5 3. a3 Bd6 4. e3 O-O 5. Nf3 e4 6. Nd4 Be5 7. Be2 a5 8. O-O b6 9. f4 exf3 10. Bxf3 d5 11. b5 Qd6 12. h3 c5 13. bxc6 Nxc6 14. Nb5 Qe7 15. Bxe5 Nxe5 16. N1c3 Ba6 17. a4 Rad8 18. Be2 Nc4 19. Kh1 Bxb5 20. axb5 Qe5 21. Bxc4 dxc4 22. Qe2 Nh5 23. Ne4 Qxe4 24. Qxh5 Rxd2 25. Rf3 Rd5 26. Rf4 Qxe3 27. Qxd5 Qxf4 28. Qc6 Qd4 29. Rf1 a4 30. c3 Qxc3 31. Qxb6 a3 32. Qa7 Qb2 33. b6 c3 34. b7 c2 35. b8=Q Qxb8 36. Qxa3 h6 37. Qa2 Qc7 38. Rc1 Rc8 39. Qb2 Qc3 40. Qb7 Rc7 41. Qb8+ Kh7 42. Qb6 Rd7 43. Kh2 Rd1 0-1


[Site "https://www.chess.com"]

[Event "Titled Tuesday Blitz August 22 Late 2023"]
[White "Thomforde-Toates, Noah"]
[Black "Schmakel, Sam"]
[WhiteFideId "30951992"]
[BlackFideId "2039311"]
[WhiteElo "2630"]
[BlackElo "2767"]
[Result "0-1"]
[Round "4"]
[TimeControl "180+1"]
[Date "2023.08.22"]
[WhiteClock "0:00:22"]
[BlackClock "0:00:07"]
[Board "30"]

1. e4 e5 2. Nf3 Nc6 3. Bb5 a6 4. Bxc6 dxc6 5. O-O Bg4 6. h3 h5 7. d3 Qf6 8. Nbd2 Ne7 9. Re1 Ng6 10. d4 Bd6 11. hxg4 hxg4 12. Nh2 Rxh2 13. Kxh2 Qxf2 14. Qxg4 Qxe1 15. Nc4 exd4+ 16. Nxd6+ cxd6 17. b3 Qc3 18. Rb1 Qxc2 19. Ra1 Ne5 20. Qf5 Qc3 21. Rb1 g6 22. Qf4 O-O-O 23. Ba3 Qc2 24. Rf1 Qxa2 25. Bxd6 Rxd6 26. Qxe5 Rd7 27. Qe8+ Kc7 28. Qe5+ Kb6 29. b4 Qc4 30. Qa5+ Ka7 31. Qe5 Qxf1 32. Qc5+ b6 33. Qxc6 Rb7 34. Qd5 Qf4+ 35. Kg1 Qe3+ 36. Kh2 d3 37. b5 a5 38. e5 d2 39. e6 fxe6 40. Qd7 Rxd7 0-1


[Site "https://www.chess.com"]

[Event "Titled Tuesday Blitz August 22 Late 2023"]
[White "Ganiev, Roman"]
[Black "Troff, Kayden"]
[WhiteFideId "4131452"]
[BlackFideId "2047896"]
[WhiteElo "2571"]
[BlackElo "2765"]
[Result "1-0"]
[Round "4"]
[TimeControl "180+1"]
[Date "2023.08.22"]
[WhiteClock "0:00:20"]
[BlackClock "0:00:00"]
[Board "31"]

1. e4 c5 2. Nf3 g6 3. d4 cxd4 4. Nxd4 Bg7 5. c4 Qb6 6. Nb3 a5 7. Nc3 a4 8. Be3 Qb4 9. Bc5 Bxc3+ 10. bxc3 Qxc3+ 11. Nd2 Nf6 12. Rc1 Qe5 13. Be3 Nxe4 14. Nf3 Qa5+ 15. Nd2 Nc6 16. Bd3 Nxd2 17. Bxd2 Qe5+ 18. Be3 O-O 19. O-O d6 20. Re1 Qf6 21. Rb1 Ne5 22. Be2 Bd7 23. f4 Nc6 24. Rxb7 Be6 25. Bf3 Na5 26. Bd4 Qxf4 27. Rxe7 Rfe8 28. R1xe6 fxe6 29. Rg7+ Kf8 30. Bxa8 e5 31. Rxh7 Qxd4+ 32. Qxd4 exd4 33. Rh8+ Ke7 34. Rxe8+ Kxe8 35. Bd5 Kd7 36. Kf2 Nc6 37. Bxc6+ Kxc6 38. Ke2 Kc5 39. Kd3 Kb4 40. Kxd4 Ka3 41. Kc3 Kxa2 42. Kc2 Ka3 43. g4 Kb4 44. h4 Kxc4 45. h5 d5 46. hxg6 d4 47. g7 d3+ 48. Kd2 Kd4 49. g8=Q Ke4 50. Qa2 Kf4 51. Qxa4+ 1-0


[Site "https://www.chess.com"]

[Event "Titled Tuesday Blitz August 22 Late 2023"]
[White "Taboas Rodriguez, Daniel"]
[Black "Adewumi, Tanitoluwa"]
[WhiteFideId "2208466"]
[BlackFideId "30966396"]
[WhiteElo "2556"]
[BlackElo "2760"]
[Result "1-0"]
[Round "4"]
[TimeControl "180+1"]
[Date "2023.08.22"]
[WhiteClock "0:00:14"]
[BlackClock "0:00:00"]
[Board "32"]

1. d4 Nf6 2. Nf3 e6 3. c4 b6 4. Nc3 Bb7 5. Bg5 Be7 6. e3 O-O 7. Bd3 d6 8. O-O Nbd7 9. Qc2 a6 10. Ne4 h6 11. Nxf6+ Bxf6 12. Bxf6 Nxf6 13. e4 Re8 14. e5 dxe5 15. dxe5 Bxf3 16. exf6 Bb7 17. fxg7 Qg5 18. f4 Qxg7 19. f5 Rad8 20. Rad1 exf5 21. Bxf5 Rxd1 22. Rxd1 Qg5 23. Rf1 Qe3+ 24. Qf2 Kg7 25. Bg4 c5 26. b3 Qd4 27. Qxd4+ cxd4 28. Rd1 Rd8 29. Kf2 Kf6 30. Bf3 Bc8 31. b4 Be6 32. c5 bxc5 33. bxc5 Bxa2 34. c6 Ke5 35. Ra1 Bd5 36. Rxa6 Bxf3 37. Kxf3 f6 38. c7 Rc8 39. Rc6 h5 40. Ke2 f5 41. Kd3 Kd5 42. Rc1 f4 43. Rc2 h4 44. Rc1 Ke5 45. Rc4 Kf5 46. Kxd4 Kg4 47. Rc3 Kf5 48. Kd5 h3 49. gxh3 1-0


[Site "https://www.chess.com"]